 Dungeon Crawl Stone Soup version 0.23.0 (webtiles) character file.

Game seed: 2346434205627737344

11533 Jethus the Basher (level 11, -2/116 HPs)
             Began as a Hill Orc Fighter on Feb 13, 2019.
             Killed by divine providence
             ... invoked by an orc priest
              (8 damage)
             ... on level 2 of the Orcish Mines.
             The game lasted 01:20:44 (12189 turns).

Jethus the Basher (Hill Orc Fighter)               Turns: 12189, Time: 01:20:44

Health: -2/116     AC: 16    Str: 21    XL:     11   Next: 79%
Magic:  11/11      EV: 11    Int:  8    God:
Gold:   899        SH: 15    Dex: 12    Spells: 10/10 levels left

rFire    . . .     SeeInvis .   d - +2 demon blade (flame)
rCold    . . .     Gourm    .   c - +1 shield
rNeg     . . .     Faith    .   b - +1 scale mail
rPois    .         Spirit   .   G - +2 hat
rElec    .         Reflect  +   m - scarf {repulsion}
rCorr    .         Harm     .   o - +2 pair of gloves
MR       .....                  (no boots)
Stlth    +.........             s - +2 amulet of reflection
HPRegen  0.29/turn              w - +3 ring of evasion
MPRegen  0.12/turn              z - +3 ring of slaying

@: repel missiles
A: yellow scales 1, robust 2
a: Convert to Beogh


You were on level 2 of the Orcish Mines.
You were hungry.

You visited 2 branches of the dungeon, and saw 13 of its levels.
You also visited: Ossuary.

You collected 899 gold pieces.

Inventory:

Hand Weapons
 a - the +8 glaive "Orb Guardian's Curse" {freeze, rElec Int-4 Dex+2}
   (You found it on level 7 of the Dungeon)

   It has been specially enchanted to freeze those struck by it, causing extra
   injury to most foes and up to half again as much damage against particularly
   susceptible opponents.
   It can also slow down cold-blooded creatures.
   It affects your intelligence (-4).
   It affects your dexterity (+2).
   It insulates you from electricity.
 d - a +2 demon blade of flaming (weapon)
 h - a +5 mace of freezing
 q - a +3 mace of protection
 D - a +0 flail of protection
 F - the +6 dagger "Oxiukhet" {freeze, rN+ Str+7}
   (You found it on level 10 of the Dungeon)

   It has been specially enchanted to freeze those struck by it, causing extra
   injury to most foes and up to half again as much damage against particularly
   susceptible opponents.
   It can also slow down cold-blooded creatures.
   It affects your strength (+7).
   It protects you from negative energy.
Missiles
 l - 3 throwing nets
 u - 8 tomahawks (quivered)
Armour
 b - a +1 scale mail (worn)
 c - a +1 shield (worn)
 m - a scarf of repulsion (worn)
 o - a +2 pair of gloves (worn)
 x - a +0 plate armour
 G - a +2 hat (worn)
Jewellery
 e - a +3 ring of strength
 j - an uncursed ring of fire
 r - an uncursed ring of see invisible
 s - a +2 amulet of reflection (around neck)
 w - a +3 ring of evasion (left hand)
 z - a +3 ring of slaying (right hand)
Wands
 v - a wand of enslavement (18)
 A - a wand of iceblast (4)
 E - a wand of random effects (18)
Scrolls
 g - 5 scrolls of identify
 n - 8 scrolls of remove curse
 y - a scroll of immolation
 C - a scroll of amnesia
Potions
 t - 2 potions of flight
Comestibles
 f - 14 rations


   Skills:
 - Level 9.5 Fighting
 * Level 4.8 Long Blades
 - Level 12.4 Maces & Flails
 - Level 0.9 Throwing
 - Level 7.9 Armour
 - Level 2.2 Stealth
 - Level 10.3 Shields
 - Level 1.3 Evocations


You had 10 spell levels left.
You didn't know any spells.
Your spell library contained the following spells:

 Spells                   Type           Power        Failure   Level  Hunger
 Confusing Touch          Hex            #.....       88%         1    ##.....
 Infusion                 Chrm           #...         88%         1    ##.....
 Shock                    Conj/Air       #...         88%         1    ##.....
 Shroud of Golubria       Chrm/Tloc      #.........   96%         2    ###....
 Song of Slaying          Chrm           #.......     96%         2    ###....
 Swiftness                Chrm/Air       #.......     96%         2    ###....
 Confuse                  Hex            #.......     99%         3    ####...
 Gell's Gravitas          Tloc           #.........   99%         3    ####...
 Regeneration             Chrm/Necr      #.........   99%         3    ####...
 Spectral Weapon          Hex/Chrm       #.......     99%         3    ####...
 Static Discharge         Conj/Air       #.......     99%         3    ####...
 Airstrike                Air            #.........   100%        4    #####..
 Petrify                  Tmut/Erth      #.......     100%        4    #####..
 Lightning Bolt           Conj/Air       #.........   100%        5    ######.
 Metabolic Englaciation   Hex/Ice        #.........   100%        5    ######.
 Yara's Violent Unravell  Hex/Tmut       #.........   100%        5    ######.


Dungeon Overview and Level Annotations

Branches:
Dungeon (11/15)            Temple (0/1) D:5            Lair (0/6) D:11
    Orc (2/2) D:9             Elf (0/3) Orc:2

Altars:
Ashenzari

Shops:
D:5 (   D:7 :

Portals:
Trove: D:10 (give +3 storm dragon scales)


Innate Abilities, Weirdness & Mutations

You are partially covered in yellow scales. (AC +2)
You are very robust. (+20% HP)


Message History

The orc warrior hits you with a +0 flail!!
* * * LOW HITPOINT WARNING * * *
The orc priest shouts, "Join the one true god or die!"
You hit the troll. You burn the troll.
The troll is moderately wounded.
You block the orc priest's attack. The troll bites you but does no damage.
You block the troll's attack. The troll claws you.
* * * LOW HITPOINT WARNING * * *
The orc warrior hits you but does no damage.
Okay, then.
Okay, then.
You hit the troll but do no damage.
The troll is moderately wounded.
You hear the stately tolling of a very distant bell.
You block the troll's attack. The troll claws you.
* * * LOW HITPOINT WARNING * * *
You block the troll's attack.
The orc priest mumbles some strange prayers to Beogh against you.
Beogh smites you!
You die...

,,,,,................*,,,*
,,,,,.........#...#.###,**
,,,,,...........$.....##*
*,,,,.............#....*
,,,,,...........o.....,****
*,*,,...............#,..*,**
,**,,..............#....,,,*
,,,,,........#.o#o......,,**
,**,,..........T@#,,.,,,,,*
,*,,,...........#.#*,,,,,,**
,,,,,..#.......#...#,,,,,,,*
,**,,.......#.##.....,,,,,**
**,,,.........#,......,,,**
**,,,#.#.......,........,**
*,,...#.......,,........,,*
**,#.......#.,,,........,,**
,**#.......#*,,,,,,,,,,,,,,*


You could see a troll, an orc warrior and an orc priest.

Vanquished Creatures
  Gastronok (D:10)
  Harold (D:10)
  Erica (D:10)
  A hell knight (D:11)
  A cyclops (Orc:1)
  A gargoyle (D:10)
  2 trolls
  A queen bee (D:9)
  A hippogriff (D:9)
  Eustachio (D:6)
  4 yaks (D:7)
  A hungry ghost (D:10)
  3 hell hounds (D:11)
  2 orc warriors (Orc:1)
  3 ice beasts
  3 sky beasts
  3 phantoms
  A centaur (D:5)
  5 ogres
  A crocodile (D:10)
  2 big kobolds
  An elf zombie (Ossuary)
  5 bullfrogs
  2 gnoll sergeants
  3 scorpions
  27 killer bees
  7 wights
  6 howler monkeys
  2 crimson imps
  A bullfrog zombie (D:5)
  3 centaur zombies
  4 jellies
  A hound (D:7)
  A bullfrog skeleton (D:10)
  2 orc priests
  5 orc wizards
  7 worker ants
  4 big kobold zombies (Ossuary)
  A hound zombie (D:9)
  2 mummies (Ossuary)
  A worker ant zombie (D:7)
  9 gnolls
  4 adders
  A howler monkey skeleton (D:4)
  2 adder zombies
  An adder skeleton (D:8)
  3 worms
  2 dart slugs
  5 leopard geckos
  28 orcs
  5 giant cockroaches
  4 gnoll zombies (Ossuary)
  8 goblins
  6 hobgoblins
  2 quokkas
  A ball python (D:4)
  4 bats
  3 frilled lizards
  2 goblin zombies (Ossuary)
  A hobgoblin zombie (Ossuary)
  17 kobolds
  An orc zombie (Ossuary)
  A quokka skeleton (D:8)
  5 rats
239 creatures vanquished.

Vanquished Creatures (collateral kills)
  A soldier ant (D:6)
  An ogre (D:6)
  A worker ant (D:6)
3 creatures vanquished.

Vanquished Creatures (others)
  A centaur (D:10)
  A goblin (D:3)
  A kobold (D:9)
  40 fungi (D:11)
  8 plants (D:11)
51 creatures vanquished.

Grand Total: 293 creatures vanquished

Notes
Turn   | Place    | Note
-------+----------+-------------------------------------------
     0 | D:1      | Jethus the Hill Orc Fighter began the quest for the Orb.
     0 | D:1      | Reached XP level 1. HP: 19/19 MP: 1/1
   145 | D:1      | Reached XP level 2. HP: 27/27 MP: 2/2
   561 | D:2      | Reached XP level 3. HP: 20/33 MP: 3/3
   899 | D:2      | Reached skill level 1 in Maces & Flails
   899 | D:2      | Reached XP level 4. HP: 41/41 MP: 4/4
  1299 | D:2      | Found a shattered altar of Ashenzari.
  2333 | D:4      | Reached XP level 5. HP: 46/47 MP: 5/5
  2538 | D:4      | Noticed an ogre
  2542 | D:4      | Killed an ogre
  2542 | D:4      | Reached skill level 5 in Fighting
  2542 | D:4      | Reached skill level 2 in Maces & Flails
  2976 | D:5      | Entered Level 5 of the Dungeon
  3000 | D:5      | Reached XP level 6. HP: 11/56 MP: 6/6
  3307 | D:5      | Noticed an ice beast
  3317 | D:5      | Killed an ice beast
  3356 | D:5      | Reached XP level 7. HP: 55/61 MP: 7/7
  3451 | D:5      | Found Ammeth's Antique Weapon Emporium.
  3478 | D:5      | Found a staircase to the Ecumenical Temple.
  3500 | D:5      | Reached skill level 5 in Shields
  3864 | D:5      | Reached skill level 3 in Maces & Flails
  4099 | D:6      | Reached skill level 4 in Maces & Flails
  4110 | D:6      | Noticed a soldier ant
  4117 | D:6      | Reached XP level 8. HP: 43/70 MP: 8/8
  4123 | D:6      | Reached skill level 5 in Maces & Flails
  4434 | D:6      | Reached skill level 6 in Maces & Flails
  4434 | D:6      | Reached skill level 5 in Armour
  4498 | D:6      | Found a sand-covered staircase.
  4504 | Ossuary  | Entered an ossuary
  4535 | Ossuary  | Reached skill level 1 in Evocations
  4919 | D:6      | Noticed Eustachio
  4922 | D:6      | Reached skill level 7 in Maces & Flails
  4935 | D:6      | Killed Eustachio
  4935 | D:6      | Reached XP level 9. HP: 70/77 MP: 9/9
  4959 | D:6      | Gained mutation: You are robust. (+10% HP) [potion of
                  | mutation]
  4959 | D:6      | Gained mutation: You are partially covered in yellow
                  | scales. (AC +2) [potion of mutation]
  4959 | D:6      | Gained mutation: You are very robust. (+20% HP) [potion of
                  | mutation]
  5439 | D:6      | Reached skill level 8 in Maces & Flails
  5816 | D:7      | Got a smoking glaive
  5894 | D:8      | Identified a scroll of acquirement
  6017 | D:8      | Reached skill level 9 in Maces & Flails
  6476 | D:8      | Identified the +8 glaive "Orb Guardian's Curse" {freeze,
                  | rElec Int-4 Dex+2} (You found it on level 7 of the Dungeon)
  7089 | D:7      | Reached XP level 10. HP: 44/103 MP: 10/10
  7310 | D:7      | Found Ybyt's Book Shop.
  7361 | D:7      | Reached skill level 10 in Maces & Flails
  7887 | D:9      | Found a staircase to the Orcish Mines.
  7994 | D:9      | Reached skill level 1 in Stealth
  8555 | D:9      | Reached skill level 11 in Maces & Flails
  9393 | D:10     | Entered Level 10 of the Dungeon
  9462 | D:10     | Noticed a gargoyle
  9471 | D:10     | Killed a gargoyle
  9490 | D:10     | Noticed Harold
  9556 | D:10     | Killed Harold
  9556 | D:10     | Reached XP level 11. HP: 33/114 MP: 11/11
  9859 | D:10     | Got a slimy dagger
  9860 | D:10     | Identified the +6 dagger "Oxiukhet" {freeze, rN+ Str+7}
                  | (You found it on level 10 of the Dungeon)
 10012 | D:10     | Noticed Erica
 10025 | D:10     | Killed Erica
 10185 | D:10     | Found a portal to a secret trove of treasure.
 10526 | D:10     | Noticed Gastronok
 10617 | D:10     | Killed Gastronok
 10617 | D:10     | Reached skill level 12 in Maces & Flails
 10617 | D:10     | Reached skill level 10 in Shields
 11553 | D:11     | Noticed a hell knight
 11562 | D:11     | Killed a hell knight
 11687 | Orc:1    | Entered Level 1 of the Orcish Mines
 11690 | Orc:1    | Noticed a cyclops
 11709 | Orc:1    | Killed a cyclops
 12041 | Orc:1    | Noticed an orc sorcerer
 12044 | Orc:1    | Noticed a stone giant
 12064 | Orc:1    | Paralysed by an orc sorcerer for 6 turns
 12066 | Orc:1    | Noticed a soul eater
 12078 | Orc:1    | Noticed an ogre mage
 12078 | Orc:1    | Noticed a two-headed ogre
 12078 | Orc:1    | Noticed a two-headed ogre
 12078 | Orc:1    | Noticed a two-headed ogre
 12089 | Orc:2    | Entered Level 2 of the Orcish Mines
 12162 | Orc:2    | Noticed an orc knight
 12169 | Orc:2    | Noticed an orc sorcerer
 12189 | Orc:2    | Killed from afar by an orc priest

Skill      XL: |  1  2  3  4  5  6  7  8  9 10 11 |
---------------+----------------------------------+-----
Fighting       | 4 5 6 7 8 9 |  9.5
Maces & Flails | 1 2 4 7 9 11 12 | 12.4
Shields        | 4 5 6 7 9 10 | 10.3
Armour         | 4 5 6 7 |  7.9
Long Blades    | 3 4 |  4.8
Evocations     | 1 |  1.3
Stealth        | 1 2 |  2.2
Throwing       | |  0.9

Action                   |  1- 3 |  4- 6 |  7- 9 | 10-12 || total
-------------------------+-------+-------+-------+-------++-------
Melee: Long sword        |    28 |   141 |       |       ||   169
       Whip              |    39 |    36 |       |       ||    75
       Mace              |       |       |   377 |   457 ||   834
       Demon blade       |       |       |       |    49 ||    49
Throw: Tomahawk          |       |       |     1 |     9 ||    10
       Throwing net      |       |       |       |     1 ||     1
Evoke: Wand              |       |     1 |     8 |     7 ||    16
  Use: Scroll            |     1 |     6 |    12 |     8 ||    27
       Potion            |     2 |       |     3 |     6 ||    11
  Eat: Chunk             |       |     6 |     5 |     4 ||    15
       Ration            |       |     1 |     2 |     4 ||     7
Armor: Scale mail        |    20 |    76 |   140 |   193 ||   429
       Skin              |    43 |       |       |    25 ||    68
Dodge: Dodged            |    18 |    38 |    98 |   149 ||   303
       Deflected         |       |       |       |     4 ||     4
Block: Shield            |    32 |    79 |   260 |   435 ||   806
       Reflection        |       |     2 |     2 |    13 ||    17
       Rpst.: Long sword |     2 |    11 |       |       ||    13
       Demon blade       |       |       |       |     3 ||     3
